 Dungeon Crawl Stone Soup version 0.27.1-4-g1640c2035a (webtiles) character file.

Game seed: 12515769214500367313

130 tizbic2 the Ducker (level 5, -8/38 HPs)
             Began as a Djinni Gladiator on Nov 13, 2021.
             Was a Believer of Ashenzari.
             Killed from afar by Ijyb (9 damage)
             ... with a bolt of acid
             ... on level 3 of the Dungeon.
             The game lasted 00:19:45 (2972 turns).

tizbic2 the Ducker (Djinni Gladiator)               Turns: 2972, Time: 00:19:45

Health: -8/38      AC:  3    Str: 13    XL:     5   Next: 36%
Gold:   141        EV: 11    Int: 10    God:    Ashenzari [**....] SH:  0 Dex: 15

rFire    + + .     SeeInvis +   a - +0 long sword
rCold    x . .     Faith    .   (no shield)
rNeg     . . .     Spirit   .   h - +0 scale mail of Ashenzari's Stoicism {Fort, Melee} (curse)
rPois    ∞         Reflect  .   c - +0 helmet of the Ruined Augurer {Fort, Cun} (curse)
rElec    .         Harm     .   (no cloak)
rCorr    +         Rampage  .   (no gloves)
Will     .....                  (boots unavailable)
Stlth    ..........             (no amulet)
HPRegen  0.12/turn              f - ring "Thunder Perfect Mind" {rCorr, Range, Evo} (curse)
MPRegen  0.00/turn              (no ring)

@: about to teleport, corroded, flying
A: sickness immunity, fire resistance 2, cold vulnerability 1, float, innate
caster, hp casting, extra vitality 1
a: Renounce Religion, Shatter the Chains


You were on level 3 of the Dungeon.
You worshipped Ashenzari.
Ashenzari was pleased with you.
You visited 1 branch of the dungeon, and saw 3 of its levels.

You collected 141 gold pieces.

Inventory:

Hand Weapons
 a - a +0 long sword (weapon)
 i - a +0 falchion
Missiles
 d - 2 throwing nets
 e - 80 stones
 g - 44 poisoned darts (quivered)
Armour
 c - the cursed +0 helmet of the Ruined Augurer (worn) {Fort, Cun}

   It has a curse which improves the following skills: Fortitude: Armour and
   Shields.
   Cunning:   Dodging and Stealth.
 h - the cursed +0 scale mail of Ashenzari's Stoicism (worn) {Fort, Melee}
   (You found it on level 2 of the Dungeon)

   It has a curse which improves the following skills: Fortitude: Armour and
   Shields.
   Melee Combat: Short Blades, Long Blades, Axes, Maces & Flails, Polearms,
   Staves and Unarmed Combat.
 j - a +1 helmet
Jewellery
 f - the cursed ring "Thunder Perfect Mind" (left hand) {rCorr, Range, Evo}
   (You found it on level 2 of the Dungeon)

   [ring of resist corrosion]

   rCorr:     It protects you from acid and corrosion.
   It has a curse which improves the following skills: Ranged Combat: Slings,
   Bows, Crossbows and Throwing.
   Evocations: Evocations.
Wands
 b - a wand of paralysis (5)


   Skills:
 + Level 2.2 Fighting
 * Level 4.0(5.4) Long Blades
 - Level 1.5(2.6) Throwing
 + Level 0.9(2.2) Armour
 * Level 4.2(5.6) Dodging
 * Level 1.3(2.8) Shields


You had one spell level left.
You knew the following spells:

 Your Spells              Type           Power      Damage    Failure   Level
a - Apportation           Tloc           0%         N/A       86%         1
b - Static Discharge      Conj/Air       0%         N/A       95%         2
Your spell library was empty.

Dungeon Overview and Level Annotations

Branches:
Dungeon (3/15)

Altars:
Ashenzari

Annotations:
D:3 Ijyb, Terence


Innate Abilities, Weirdness & Mutations

You are immune to sickness and miasma.
You are immune to poison.
Your flesh is very heat resistant. (rF++)
You are vulnerable to cold. (rC-)
You float through the air rather than walking.
You learn spells naturally, not from books.
Your magical power is your life essence.
You have superior vitality. (+4 HP)


Message History

Ijyb opens the door.
Ijyb shouts!
You hear a shout! x2
You see here 12 gold pieces.
Ijyb zaps a wand.
The bolt of acid hits you. You resist.
You are splashed with acid.
You resist.
You closely miss Ijyb. Ijyb hits you but does no damage.
You slash Ijyb!
Ijyb is moderately wounded.
Ijyb hits you with a +0 dagger.
You hit Ijyb but do no damage.
Ijyb is moderately wounded.
Ijyb hits you with a +0 dagger.
You hit Ijyb but do no damage.
Ijyb is moderately wounded.
A kobold comes into view. It is wielding a +0 club.
Ijyb closely misses you.
You hit Ijyb but do no damage.
Ijyb is moderately wounded.
Ijyb hits you but does no damage.
You see here 12 gold pieces.
You closely miss Ijyb.
Ijyb is moderately wounded.
Ijyb hits you but does no damage.
Ijyb zaps a wand.
The bolt of acid misses you.
Ijyb zaps a wand.
The bolt of acid hits you. You resist. The acid corrodes you!
You are splashed with acid.
You resist.
An orc comes into view. It is wielding a +0 short sword.
The orc shouts!
Found a scroll labelled LESETH OQUBI, a silvery potion and a robe.
Ijyb zaps a wand.
The bolt of acid hits you! You resist.
* * * LOW HITPOINT WARNING * * *
You are splashed with acid.
You resist.
* * * LOW HITPOINT WARNING * * *
You see here a scroll of teleportation.
As you read the scroll of teleportation, it crumbles to dust.
You feel strangely unstable.
Ijyb zaps a wand.
The bolt of acid hits the orc!
The orc is splashed with acid.
The orc dies!
The bolt of acid hits you! You resist.
You die...

.##
...!..#.......≈≈≈≈####.#
## *
......###..88≈≈≈≈≈88...#
#
.......#gK.............#
. , ,
.....#.#...............##
#
#.o...g...88≈≈≈≈≈88....#
,
#.##..#)####≈≈≈≈≈######'#
, #. #.## #≈≈≈≈≈# #.... ,
, * , #, #..#*#≈≈≈≈##
#.... ##@##≈≈≈≈≈# #.... ,
*, #.##≈≈≈≈≈ #.... , , ,
#.##≈≈≈≈# #.... , #..*
≈≈* +.... * ** ##. #....
, .≈≈ * ...... .≈ ≈
.#####. .≈≈ # #. ###.


You could see Ijyb.

Vanquished Creatures
  Jessica (D:2)
  Robin (D:3)
  2 adders (D:2)
  2 worms (D:2)
  2 dart slugs
  An orc (D:2)
  4 ball pythons
  6 endoplasms
  14 goblins
  7 hobgoblins
  5 quokkas
  5 bats
  2 frilled lizards
  5 kobolds
57 creatures vanquished.

Vanquished Creatures (others)
  An orc (D:3)
1 creature vanquished.

Grand Total: 58 creatures vanquished

Notes
Turn   | Place    | Note
-------+----------+-------------------------------------------
     0 | D:1      | tizbic2 the Djinni Gladiator began the quest for the Orb.
     0 | D:1      | Reached XP level 1. HP: 18/18 MP: 0/0
   410 | D:1      | Reached XP level 2. HP: 21/23 MP: 0/0
   422 | D:1      | Found a faded altar of an unknown god.
   423 | D:1      | Noticed a great orb of eyes
   425 | D:1      | Noticed a golden eye
   425 | D:1      | Noticed a golden eye
   425 | D:1      | Noticed an eye of devastation
   453 | D:1      | Became a worshipper of Ashenzari the Shackled
   639 | D:1      | Reached XP level 3. HP: 17/28 MP: 0/0
   639 | D:1      | Learned a level 1 spell: Apportation
  1049 | D:2      | Found a broken altar of Ashenzari.
  1139 | D:2      | Reached XP level 4. HP: 18/33 MP: 0/0
  1226 | D:2      | Noticed Jessica
  1237 | D:2      | Killed Jessica
  1238 | D:2      | Reached skill level 1 in Shields
  1443 | D:2      | Reached * piety under Ashenzari
  1774 | D:3      | Noticed Ijyb
  1776 | D:3      | Noticed Terence
  2068 | D:3      | Noticed Robin
  2177 | D:2      | Reached XP level 5. HP: 32/38 MP: 0/0
  2177 | D:2      | Learned a level 2 spell: Static Discharge
  2630 | D:3      | Killed Robin
  2882 | D:3      | Reached ** piety under Ashenzari
  2969 | D:3      | HP: 1/38 [acid (5)]
  2972 | D:3      | Killed from afar by Ijyb

Illustrated notes

Levels and vault maps discovered:
D:1:      dpeg_arrival_circle_labyrinth_c, layout_loops_ring,
          hellmonk_ecumenical_altar_watching_god, hex_medium
D:2:      layout_basic, basic_altar, minmay_misc_feat_square,
          corexii_corridor_pit, uniq_jessica
D:3:      wander_river, layout_basic, jmf_multi_god_temple2, minmay_distorted,
          uniq_robin, uniq_terence, uniq_ijyb

Skill      XL: |  1  2  3  4  5 |
---------------+----------------+-----
Long Blades    | 3 4 |  4.0
Dodging        | 4 |  4.2
Shields        | 1 |  1.3
Fighting       | |  2.2
Throwing       | |  1.5
Armour         | |  0.9

Action                   |  1- 3 |  4- 6 || total
-------------------------+-------+-------++-------
Melee: Long sword        |    66 |    79 ||   145
       Falchion          |       |     8 ||     8
Throw: Throwing net      |     3 |       ||     3
       Stone             |     9 |     2 ||    11
       Dart              |       |     4 ||     4
Invok: Curse Item        |     1 |     2 ||     3
  Use: Scroll            |       |     1 ||     1
Armor: Leather armour    |    29 |     2 ||    31
       Scale mail        |       |    39 ||    39
Dodge: Dodged            |    53 |    59 ||   112
       Rpst.: Long sword |    19 |    18 ||    37
       Falchion          |       |     4 ||     4
